 Dungeon Crawl Stone Soup version 0.24-a0-165-g1b465fe (webtiles) character file.

Game seed: 4070915862297736271

3886 Dfrag the Destroyer (level 10, -1/63 HPs)
             Began as a Demonspawn Fire Elementalist on Mar 6, 2019.
             Was a Priest of Vehumet.
             Slain by a killer bee (5 damage)
             ... on level 9 of the Dungeon.
             The game lasted 00:13:45 (8495 turns).

Dfrag the Destroyer (Demonspawn Fire Elementalist)  Turns: 8495, Time: 00:13:46

Health: -1/63      AC:  3    Str:  9    XL:     10   Next: 0%
Magic:  4/21       EV: 12    Int: 19    God:    Vehumet [***...]
Gold:   315        SH:  0    Dex: 16    Spells: 11/24 levels left

rFire    . . .     SeeInvis .   n - +1 whip (flame)
rCold    . . .     Gourm    .   (no shield)
rNeg     . . .     Faith    .   a - +0 robe
rPois    .         Spirit   .   (helmet restricted)
rElec    .         Reflect  .   (no cloak)
rCorr    .         Harm     .   (no gloves)
MR       .....                  y - +0 pair of boots
Stlth    +++.......             (no amulet)
HPRegen  1.20/turn              t - ring of wizardry
MPRegen  0.17/turn              (no ring)

@: lethally poisoned (-1 -> -2), about to teleport
A: horns 2, thin skeletal structure 1, nightstalker 1, powered by death 1
a: Renounce Religion


You were on level 9 of the Dungeon.
You worshipped Vehumet.
Vehumet was most pleased with you.
You were very hungry.

You visited 1 branch of the dungeon, and saw 9 of its levels.

You collected 315 gold pieces.

Inventory:

Hand Weapons
 b - a +0 dagger
 n - a +1 whip of flaming (weapon)
Armour
 a - a +0 robe (worn)
 h - a +0 helmet
 y - a +0 pair of boots (worn)
Jewellery
 t - a ring of wizardry (left hand)
Wands
 u - a wand of flame (28)
 x - a wand of digging (6)
 z - a wand of disintegration (17)
 D - a wand of enslavement (6)
Scrolls
 d - a scroll of enchant weapon {unknown}
 g - 4 scrolls of remove curse {unknown}
 j - a scroll of magic mapping {unknown}
 m - 3 scrolls of teleportation
 o - 5 scrolls of random uselessness
 s - 4 scrolls of identify
 v - 3 scrolls of amnesia {unknown}
 w - a scroll of torment {unknown}
 E - a scroll of enchant armour {unknown}
Potions
 e - 2 potions of haste
 f - a potion of brilliance {unknown}
 i - a potion of cancellation
 k - 3 potions of heal wounds
 l - a potion of agility {unknown}
 p - a potion of mutation {unknown}
 q - 3 potions of might
 r - 7 potions of curing
 A - a potion of magic {unknown}
 B - 2 potions of lignification {unknown}
 C - a potion of berserk rage {unknown}
Comestibles
 c - 11 rations


   Skills:
 - Level 1.7 Dodging
 - Level 1.7 Stealth
 + Level 7.9 Spellcasting
 + Level 8.4 Conjurations
 + Level 8.1 Fire Magic


You had 11 spell levels left.
You knew the following spells:

 Your Spells              Type           Power        Failure   Level  Hunger
a - Flame Tongue          Conj/Fire      #####        1%          1    None
b - Conjure Flame         Conj/Fire      #####...     1%          3    None
c - Sticky Flame          Conj/Fire      #####...     1%          4    ###....
d - Fireball              Conj/Fire      #####.....   1%          5    #####..

Your spell library contained the following spells:

 Spells                   Type           Power        Failure   Level  Hunger
 Ignite Poison            Fire/Tmut/Pois ###.....     1%          3    None
 Throw Flame              Conj/Fire      #####.       1%          2    None
 Inner Flame              Hex/Fire       ###.....     1%          3    None


Dungeon Overview and Level Annotations

Branches:
Dungeon (9/15)             Temple (0/1) D:6            Lair (0/6) D:8
    Orc: D:9-12

Altars:
Dithmenos
Gozag
Hepliaklqana
Nemelex Xobeh
Okawaru
Qazlal
Vehumet
Yredelemnul
Zin

Shops:
D:4 *   D:9 =


Innate Abilities, Weirdness & Mutations

You have a pair of horns on your head.
You have a somewhat thin skeletal structure. (Dex +2, Stealth)
You are slightly more attuned to the shadows.
You regenerate a little health from kills.


Message History

Unknown command.
Unknown command.
As you read the scroll of teleportation, it crumbles to dust.
You feel strangely unstable. The killer bee stings you.
* * * LOW HITPOINT WARNING * * *
You are poisoned.
The killer bee poisons you! The killer bee closely misses you.
The killer bee stings you.
* * * LOW HITPOINT WARNING * * *
The killer bee stings you.
* * * LOW HITPOINT WARNING * * *
The killer bee barely misses you.
Unknown command.
Unknown command.
Unknown command.
You feel sick. The killer bee stings you.
* * * LOW HITPOINT WARNING * * *
You are more poisoned.
The killer bee poisons you! The killer bee stings you.
You die...

........................#
........................#
........................#
........................#
........................#
........................#
........................#
........................#
................@.......#
...............y.y......#
##..)##########yy######.#
#...# ##.# ### #...# #..
#...# ### #...# #...#
#...# ###


You could see 4 killer bees.

Vanquished Creatures
  Pikel (D:4)
  A queen bee (D:9)
  A hornet (D:9)
  A troll (D:9)
  A black bear (D:9)
  An ice beast (D:9)
  2 slaves
  A necrophage (D:8)
  2 phantoms
  A sky beast (D:8)
  4 ogres
  3 centaurs
  A big kobold (D:9)
  2 bullfrogs
  A scorpion (D:9)
  8 killer bees
  A howler monkey (D:5)
  A bullfrog zombie (D:5)
  4 jellies
  2 hounds (D:5)
  2 orc priests (D:8)
  A quasit (D:6)
  A bullfrog skeleton (D:8)
  A centaur skeleton (D:9)
  2 iguanas
  5 orc wizards
  Ijyb (D:4)
  3 worker ants
  A hound zombie (D:6)
  17 gnolls
  9 adders
  2 shadow imps
  An ooze (D:2)
  An adder skeleton (D:7)
  A worm (D:3)
  3 leopard geckos
  24 orcs
  2 ball pythons (D:3)
  4 giant cockroaches
  4 hobgoblins
  10 jackals
  A quokka (D:2)
  A ball python zombie (D:6)
  7 bats
  4 frilled lizards
  7 goblins
  16 kobolds
  A leopard gecko skeleton (D:4)
  6 rats
177 creatures vanquished.

Notes
Turn   | Place    | Note
-------+----------+-------------------------------------------
     0 | D:1      | Dfrag the Demonspawn Fire Elementalist began the quest for
                  | the Orb.
     0 | D:1      | Reached XP level 1. HP: 13/13 MP: 3/3
   684 | D:1      | Gained mutation: You regenerate a little health from kills.
                  | [demonic ancestry]
   684 | D:1      | Reached XP level 2. HP: 19/19 MP: 1/5
   850 | D:2      | Found a basalt altar of Yredelemnul.
  1066 | D:2      | Found a stormy altar of Qazlal.
  1119 | D:2      | Gained mutation: You are slightly more attuned to the
                  | shadows. [demonic ancestry]
  1119 | D:2      | Reached XP level 3. HP: 24/24 MP: 3/6
  1494 | D:2      | Found a shadowy altar of Dithmenos.
  1738 | D:3      | Gained mutation: You have a somewhat thin skeletal
                  | structure. (Dex +2, Stealth) [demonic ancestry]
  1738 | D:3      | Reached XP level 4. HP: 29/30 MP: 3/8
  1905 | D:3      | Learned a level 3 spell: Conjure Flame
  1910 | D:3      | Learned a level 4 spell: Sticky Flame
  1944 | D:3      | Found an opulent altar of Gozag.
  1946 | D:3      | Found a radiant altar of Vehumet.
  1988 | D:3      | Became a worshipper of Vehumet
  2069 | D:4      | Found Zin's Purification Station.
  2073 | D:3      | Reached XP level 5. HP: 23/35 MP: 5/9
  2171 | D:4      | Found a glowing silver altar of Zin.
  2182 | D:4      | Found an iron altar of Okawaru.
  2276 | D:4      | Noticed an ogre
  2298 | D:4      | Killed an ogre
  2298 | D:4      | Reached XP level 6. HP: 17/41 MP: 1/11
  2646 | D:4      | Noticed a slave
  2671 | D:4      | Noticed a slave
  2672 | D:4      | Noticed Pikel
  2672 | D:4      | Noticed a slave
  2672 | D:4      | Noticed a slave
  2708 | D:4      | Killed a slave
  2722 | D:3      | Killed a slave
  2980 | D:4      | Killed Pikel
  2980 | D:4      | Reached skill level 5 in Conjurations
  2980 | D:4      | Reached skill level 5 in Fire Magic
  2980 | D:4      | Gained mutation: You have a pair of small horns on your
                  | head. [demonic ancestry]
  2980 | D:4      | Reached XP level 7. HP: 39/46 MP: 0/14
  3290 | D:4      | Reached skill level 5 in Spellcasting
  3306 | D:4      | Reached * piety under Vehumet
  3306 | D:4      | Offered knowledge of Shock by Vehumet.
  3765 | D:5      | Entered Level 5 of the Dungeon
  3769 | D:5      | Noticed Ijyb
  3782 | D:4      | Killed Ijyb
  3843 | D:5      | Reached XP level 8. HP: 48/52 MP: 7/15
  3854 | D:5      | Found a sparkling altar of Nemelex Xobeh.
  3916 | D:5      | HP: 1/52 [orc wizard/puff of flame (8)]
  5215 | D:6      | Found a stormy altar of Qazlal.
  5608 | D:6      | Found a staircase to the Ecumenical Temple.
  6295 | D:7      | Offered knowledge of Throw Frost by Vehumet.
  6298 | D:7      | Reached ** piety under Vehumet
  6503 | D:7      | Found a hazy altar of Hepliaklqana.
  6702 | D:7      | Learned a level 5 spell: Fireball
  6831 | D:8      | Found a staircase to the Lair.
  6931 | D:8      | Noticed a gargoyle
  7267 | D:8      | Gained mutation: You have a pair of horns on your head.
                  | [demonic ancestry]
  7267 | D:8      | Reached XP level 9. HP: 48/57 MP: 2/18
  7740 | D:9      | Found Cahac's Jewellery Shoppe.
  7829 | D:9      | Offered knowledge of Ignite Poison by Vehumet.
  7947 | D:9      | Reached *** piety under Vehumet
  7983 | D:9      | Paralysed by a hornet for 3 turns
  8128 | D:9      | Noticed a troll
  8140 | D:9      | Killed a troll
  8287 | D:9      | Found a flagged portal.
  8489 | D:9      | Noticed a queen bee
  8493 | D:9      | Killed a queen bee
  8493 | D:9      | Reached XP level 10. HP: 42/63 MP: 3/21
  8495 | D:9      | Slain by a killer bee

Levels and vault maps discovered:
D:1:      elethiomel_arrival_quiet, layout_basic
D:2:      layout_loops_ring, marbit_many_paths, lemuel_round_altar,
          nicolae_overflow_crystal_walls
D:3:      layout_rooms, grunt_temple_overflow_open, first_ration
D:4:      layout_layer_cave, zin_purify, okawaru_metal_pillars_1_2, uniq_pikel
D:5:      cheibrodos_helix_gallery, layout_cave_pools,
          nemelex_xobeh_ov_fountains_minmay, uniq_ijyb
D:6:      layout_basic, temple_fountains, grunt_qazlal_clouds
D:7:      layout_basic, kennysheep_mini_moat
D:8:      minmay_recursive_quarters, layout_cave_pods, lair_entry_dummy
D:9:      layout_long_grid, enter_bailey_2, special_room [special_room_bee],
          serial_shops, shop

Skill      XL: |  1  2  3  4  5  6  7  8  9 |
---------------+----------------------------+-----
Fire Magic     | 3 4 5 6 8 |  8.1
Conjurations   | 2 3 5 6 8 |  8.4
Spellcasting   | 3 4 5 6 7 |  7.9
Dodging        | |  1.7
Stealth        | |  1.7

Action                   |  1- 3 |  4- 6 |  7- 9 | 10-12 || total
-------------------------+-------+-------+-------+-------++-------
Melee: Dagger            |    26 |    10 |       |       ||    36
       Whip              |       |       |    63 |       ||    63
       Headbutt          |       |       |     7 |       ||     7
 Cast: Flame Tongue      |    60 |    57 |   183 |       ||   300
       Sticky Flame      |       |     7 |    39 |       ||    46
       Fireball          |       |       |     6 |     1 ||     7
Evoke: Wand              |       |       |     5 |       ||     5
  Use: Scroll            |       |       |     4 |     1 ||     5
       Potion            |       |       |     4 |       ||     4
 Stab: Sleeping          |     5 |       |       |       ||     5
  Eat: Chunk             |     3 |     4 |    17 |       ||    24
       Ration            |       |       |     2 |       ||     2
Armor: Robe              |    14 |     9 |    37 |     1 ||    61
Dodge: Dodged            |    27 |    47 |   139 |     2 ||   215

Table legend:
 A = Non-vault XP
 B = Vault XP
 C = Vault XP percentage of total XP
 D = Non-vault monster count
 E = Vault monster count
 F = Vault count percentage of total count
                 A         B        C        D         E       F
            +---------+---------+-------+---------+---------+-------
      Total |    3823 |    1729 |  31.1 |     162 |      13 |   7.4
            +---------+---------+-------+---------+---------+-------
        D:1 |      12 |       0 |   0.0 |       8 |       0 |   0.0
        D:2 |      94 |       1 |   1.1 |      25 |       1 |   3.8
        D:3 |     113 |       0 |   0.0 |      21 |       0 |   0.0
        D:4 |     398 |     684 |  63.2 |      15 |       2 |  11.8
        D:5 |     549 |     230 |  29.5 |      21 |       2 |   8.7
        D:6 |     322 |       0 |   0.0 |      15 |       0 |   0.0
        D:7 |      60 |       0 |   0.0 |       7 |       0 |   0.0
        D:8 |     623 |     251 |  28.7 |      24 |       3 |  11.1
        D:9 |    1652 |     563 |  25.4 |      26 |       5 |  16.1
            +---------+---------+-------+---------+---------+-------
